 Dungeon Crawl Stone Soup version 0.28.0-53-g5a82cb258f (webtiles) character file.

Game seed: 16702910231059276704

21 fuccboisucc420 the Skirmisher (level 2, -1/18 (24) HPs)
             Began as a Demonspawn Abyssal Knight on July 19, 2022.
             Was a Follower of Lugonu.
             Slain by a necrophage (2 damage)
             ... on level 2 of the Dungeon.
             The game lasted 00:04:31 (878 turns).

fuccboisucc420 the Skirmisher (DsAK)                 Turns: 878, Time: 00:04:32

HP:   -1/18 (24)    AC:  6    Str: 13    XL:     2   Next: 65%
MP:   3/3           EV:  9    Int: 11    God:    Lugonu [*.....]
Gold: 32            SH:  0    Dex: 13    Spells: 1/1 levels left

rFire   . . .      SeeInvis .   a - +1 mace
rCold   . . .      Faith    .   (no shield)
rNeg    . . .      Spirit   .   d - +0 scale mail
rPois   .          Reflect  .   (no helmet)
rElec   .          Harm     .   (no cloak)
rCorr   .          Rampage  .   (no gloves)
Will    +....                   (no boots)
Stlth   ..........              (no amulet)
HPRegen 0.06/turn               h - ring of willpower
MPRegen 0.16/turn               (no ring)

@: brilliant, flying, very heavily drained
A: magic regeneration
a: Renounce Religion, Depart the Abyss


You were on level 2 of the Dungeon.
You worshipped Lugonu.
Lugonu was aware of your devotion.
You visited 1 branch of the dungeon, and saw 2 of its levels.
You visited the Abyss 1 time.

You collected 32 gold pieces.

Inventory:

Hand Weapons
 a - a +1 mace (weapon)
 e - a +1 antimagic spear
Missiles
 f - 41 stones (quivered)
Armour
 b - a +0 leather armour
 d - a +0 scale mail (worn)
Jewellery
 h - a ring of willpower (left hand)
Potions
 c - a potion of invisibility
 i - a potion of cancellation {unknown}


   Skills:
 - Level 3.0 Fighting
 + Level 2.1 Maces & Flails
 + Level 1.0 Throwing
 + Level 2.2 Armour
 + Level 1.0 Dodging
 + Level 0.1 Stealth
 - Level 2.4 Invocations


You had one spell level left.
You didn't know any spells.
Your spell library was empty.

Dungeon Overview and Level Annotations

Branches:
Dungeon (1/15)

Altars:

Shops:
D:1 *


Innate Abilities, Weirdness & Mutations

You regenerate magic rapidly.


Message History

You hit the necrophage but do no damage.
The necrophage is lightly damaged.
The necrophage hits you but does no damage.
You hit the necrophage but do no damage.
You punch the necrophage.
The necrophage is lightly damaged.
The necrophage hits you.
You feel drained.
You completely miss the necrophage.
The necrophage is lightly damaged.
The necrophage hits you. The necrophage closely misses you.
You hit the necrophage.
The necrophage is moderately damaged.
The necrophage hits you.
* * * LOW HITPOINT WARNING * * *
You feel drained.
* * * LOW HITPOINT WARNING * * *
You thump the necrophage!
The necrophage is heavily damaged.
The necrophage closely misses you.
You hit the necrophage.
The necrophage is severely damaged.
The necrophage barely misses you. The necrophage completely misses you.
You barely miss the necrophage.
The necrophage is severely damaged.
The necrophage barely misses you.
You closely miss the necrophage.
The necrophage is severely damaged.
The necrophage barely misses you.
You sock the necrophage!
The necrophage is almost destroyed.
The necrophage hits you.
* * * LOW HITPOINT WARNING * * *
It was a potion of flight.
You feel very buoyant.
You fly up into the air.
The necrophage hits you but does no damage.
It was a potion of brilliance.
You feel clever all of a sudden. The necrophage hits you.
You die...

#.....#
#.....##
#......#
#....#.##
#....#..#
#....##.##
#.........##..#
#......#+####.#
#......# #@#
#...... #n#
#...... #.#
#...... .(.
#####.. ...
..... .....
.......


You could see a necrophage.

Vanquished Creatures
  A dart slug (D:1)
  A ball python (D:1)
  3 endoplasms
  A giant cockroach (D:1)
  3 goblins (D:1)
  A hobgoblin (D:1)
  A bat (D:1)
  A frilled lizard (D:2)
  4 kobolds (D:1)
  3 rats (D:1)
19 creatures vanquished.

Notes
Turn   | Place    | Note
-------+----------+-------------------------------------------
     0 | Abyss:1  | fuccboisucc420 the Demonspawn Abyssal Knight began the
                  | quest for the Orb.
     0 | Abyss:1  | Reached XP level 1. HP: 18/18 MP: 2/2
     0 | D:1      | Escaped the Abyss
   215 | D:1      | Reached skill level 1 in Dodging
   278 | D:1      | Gained mutation: You regenerate magic rapidly. [demonic
                  | ancestry]
   278 | D:1      | Reached XP level 2. HP: 18/24 MP: 3/3
   342 | D:1      | Reached * piety under Lugonu
   541 | D:1      | Found a faded altar of an unknown god.
   771 | D:1      | Found Yby Sea's General Store.
   813 | D:1      | You fall into a shaft and drop 1 floor!
   820 | D:2      | Reached skill level 1 in Throwing
   861 | D:2      | Noticed a necrophage
   878 | D:2      | Slain by a necrophage

Illustrated notes

Levels and vault maps discovered:
D:1:      lightli_arrival_statuegarden, layout_basic, serial_shops,
          nicolae_diamond_shop, ebering_ecumenical_altar_mist, grunt_decor_cap,
          nrook_campfire, solitary_fountain
D:2:      layout_basic

Skill      XL: |  1  2 |
---------------+-------+-----
Armour         | 2 |  2.2
Maces & Flails | 2 |  2.1
Dodging        | 1 |  1.0
Throwing       | 1 |  1.0
Fighting       | |  3.0
Stealth        | |  0.1
Invocations    | |  2.4

Action                   || total
-------------------------++-------
Melee: Mace              ||    65
       Punch             ||     1
Throw: Stone             ||    25
Invok: Depart the Abyss  ||     1
  Use: Potion            ||     2
       Scroll            ||     1
Armor: Leather armour    ||     9
       Scale mail        ||     8
Dodge: Dodged            ||    41
